 Dungeon Crawl Stone Soup version 0.31-a0-876-gfe8ebadbca (webtiles) character file.

Game seed: 2532975455269035068

8561 Conn the Covert (level 11, -8/61 HPs)
             Began as an Octopode Fire Elementalist on Oct 14, 2023.
             Was a Believer of Sif Muna.
             Mangled by a hornet (14 damage)
             ... on level 9 of the Dungeon.
             The game lasted 00:35:45 (10323 turns).

Conn the Covert (Octopode Fire Elementalist)       Turns: 10323, Time: 00:35:46

Health: -8/61      AC:  7    Str:  7    XL:     11   Next: 32%
Magic:  0/31       EV: 14    Int: 22    God:    Sif Muna [**....]
Gold:   274        SH:  0    Dex:  9    Spells: 3/24 levels left

rFire   . . .        g - +2 dagger (protect)
rCold   + . .        (no shield)
rNeg    + . .        F - +2 hat
rPois   .            p - amulet of guardian spirit
rElec   +            c - ring of positive energy
rCorr   .            l - +4 ring of protection
SInv    .            m - ring "Bemun" {rElec rC+ MP+9 Dex-4}
Will    .....        (no ring)
Stlth   ++++         (no ring)
HPRegen 0.30/turn    (no ring)
MPRegen 0.22/turn    (no ring)
                     (no ring)

%: guardian spirit
@: about to teleport, slowed, very slow
A: almost no armour, amphibious, 8 rings, camouflage 1, gelatinous body 1,
(nimble swimmer 1), tentacles
a: Renounce Religion, Channel Magic


You were on level 9 of the Dungeon.
You worshipped Sif Muna.
Sif Muna was pleased with you.
You visited 2 branches of the dungeon, and saw 10 of its levels.

You collected 586 gold pieces.
You spent 312 gold pieces at shops.

Inventory:

Hand Weapons
 b - a +0 short sword
 g - a +2 dagger of protection (weapon)
 o - a +4 dagger of electrocution
 x - the +2 short sword "Quira" {pain, rCorr Int-5 Dex-5 SInv}
   (You bought it in a shop on level 2 of the Dungeon)

   Int-5:     It affects your intelligence (-5).
   Dex-5:     It affects your dexterity (-5).
   SInv:      It lets you see invisible.
   rCorr:     It protects you from acid and corrosion.
Missiles
 B - 2 throwing nets
 D - 10 poisoned darts
Armour
 a - a +0 hat of willpower
 E - a +1 kite shield
 F - a +2 hat (worn)
Jewellery
 c - a ring of positive energy (left tentacle)
 l - a +4 ring of protection (right tentacle)
 m - the ring "Bemun" (on tentacle) {rElec rC+ MP+9 Dex-4}
   (You bought it in a shop on level 2 of the Dungeon)

   [ring of magical power]

   Dex-4:     It affects your dexterity (-4).
   rC+:       It protects you from cold.
   rElec:     It insulates you from electricity.
   MP+9:      It affects your magic capacity (+9).
 p - an amulet of guardian spirit (around mantle)
Wands
 f - a wand of flame (58)
 h - a wand of roots (17)
 i - a wand of polymorph (12)
 r - a wand of paralysis (5)
 w - a wand of acid (14)
Scrolls
 d - 2 scrolls of teleportation
 q - a scroll of revelation
 s - a scroll of silence
 v - 2 scrolls of torment
 y - a scroll of immolation
 A - a scroll of poison
Potions
 e - a potion of haste
 j - 2 potions of cancellation
 k - 2 potions of curing
 n - 3 potions of enlightenment
 u - a potion of mutation {unknown}
 z - a potion of berserk rage {unknown}


   Skills:
 + Level 6.2 Dodging
 - Level 8.0 Stealth
 * Level 2.9 Shields
 * Level 7.3 Spellcasting
 * Level 7.8 Conjurations
 - Level 3.0 Hexes
 - Level 6.0 Summonings
 + Level 6.3 Fire Magic
 + Level 0.0 Air Magic
 * Level 5.8 Invocations


You had 3 spell levels left.
You knew the following spells:

 Your Spells              Type           Power      Damage    Failure   Level
a - Foxfire               Conj/Fire      100%       2x1d9     1%          1
b - Scorch                Fire           72%        2d8       1%          2
c - Inner Flame           Hex/Fire       28%        N/A       3%          3
d - Flame Wave            Conj/Fire      39%        2d11      4%          4
e - Summon Guardian Gole  Hex/Summ       27%        N/A       3%          3
f - Mephitic Cloud        Conj/Pois/Air  19%        N/A       9%          3
g - Iskenderun's Battles  Conj           42%        2d9       9%          5

Your spell library contained the following spells:

 Spells                   Type           Power      Damage    Failure   Level
 Kiss of Death            Conj/Necr      100%       2d13      1%          1
 Magic Dart               Conj           100%       1d8       1%          1
 Call Imp                 Summ           68%        N/A       1%          2
 Volatile Blastmotes      Fire/Tloc      44%        2d13      6%          3
 Confusing Touch          Hex            21%        N/A       7%          3
 Lesser Beckoning         Tloc           16%        N/A       12%         2
 Gell's Gravitas          Tloc           8%         N/A       24%         3
 Teleport Other           Tloc           8%         N/A       24%         3
 Dispel Undead            Necr           8%         3d8       61%         4
 Bombard                  Conj/Erth      12%        9d3       94%         6
 Orb of Destruction       Conj           21%        9d8       95%         7
 Spellforged Servitor     Conj/Summ      19%        N/A       99%         7


Dungeon Overview and Level Annotations

Branches:
Dungeon (9/15)             Temple (1/1) D:7             Orc (0/2) D:9
   Lair: D:8-11

Altars:
Ashenzari
Cheibriados
Dithmenos
Elyvilon
Fedhas
Gozag
Hepliaklqana
Kikubaaqudgha
Makhleb
Nemelex Xobeh
Okawaru
Qazlal
Ru
Sif Muna
Uskayaw
Vehumet
Wu Jian
Xom
Yredelemnul
Zin
The Shining One

Shops:
D:1 (   D:2 *   D:3 *


Innate Abilities, Weirdness & Mutations

You cannot wear most types of armour.
You are amphibious.
You can wear up to eight rings at the same time.
Your skin changes colour to match your surroundings (Stealth+).
Your rubbery body absorbs attacks. (AC +1, EV +1)
((You are camouflaged when in or above water. (Stealth+)))
You have tentacles for arms and can constrict up to eight enemies at once.


Message History

Something barely misses you.
As you read the scroll of teleportation, it crumbles to dust.
You feel strangely unstable.
You are engulfed in a cloud of scalding steam.
You feel yourself speed up.
You feel sick. The hornet closely misses you. The steam dragon bites you.
The steam dragon closely misses you.
Your butterfly is engulfed in a cloud of scalding steam.
Your butterfly dies!
Your butterfly disappears in a burst of colours!
Something barely misses you. The orc barely misses your butterfly.
The orc warrior hits your butterfly with a +0 vampiric glaive!
Your butterfly dies!
Your butterfly disappears in a burst of colours!
The hornet barely misses you. The steam dragon misses you. x2
The orc misses your butterfly.
An orc comes into view. It is wielding a +0 trident.
You hear some strange, mumbled words.
A magic dart appears from out of thin air!
The magic dart hits you.
* * * LOW HITPOINT WARNING * * *
The orc hits your butterfly with a +0 dagger.
Your butterfly dies!
Your butterfly disappears in a burst of colours!
Something hits your butterfly.
Your butterfly dies!
Your butterfly disappears in a burst of colours!
Your magical contamination has completely faded away.
You feel sick.
You are no longer poisoned.
The hornet attacks as it pursues you! The hornet stings you.
* * * LOW HITPOINT WARNING * * *
You feel yourself slow down.
The steam dragon attacks as it pursues you!
The steam dragon bites you!
* * * LOW HITPOINT WARNING * * *
The steam dragon claws you.
* * * LOW HITPOINT WARNING * * *
The hornet stings you!
You die...

#.o...................
#.....................
####.....o...............
....oobb.b...............
#.b.....b..#######.....
###....bbbb..#######..###
......{b.....<........###
.....b.§yo...............
.......D@...#######...###
#########...# #...# #...#
#...#
#######...#######...###
.......................
.......................
........###########....
........# #....
........###########....


You could see a hornet (ally target), a steam dragon (ally target), an orc
warrior and 3 orcs.

Vanquished Creatures
  A two-headed ogre (D:9)
  A deep elf zephyrmancer (D:9)
  The ghost of Pixllover the Chopper, a novice HOMo of Beogh (D:7)
  A deep elf pyromancer (D:9)
  Maurice (D:8)
  Maggie (D:8)
  A komodo dragon (D:8)
  Grinder (D:6)
  Sigmund (D:2)
  4 wyverns
  5 yaks (D:9)
  A steam dragon (D:7)
  2 water moccasins
  An acid dragon (D:9)
  2 ice beasts (D:5)
  4 orc warriors
  A hornet zombie (D:7)
  A swamp drake (D:9)
  2 black bears
  3 ogres
  A phantom (D:4)
  A centaur (D:8)
  A bullfrog (D:8)
  A scorpion (D:6)
  10 killer bees
  7 howler monkeys
  A crimson imp (D:9)
  A bullfrog zombie (D:7)
  An iron imp (D:9)
  6 orc priests
  2 gnoll boudas (D:8)
  2 hounds
  2 sleepcaps
  4 iguanas
  Natasha (thrice) (D:2)
  20 orc wizards
  Robin (D:4)
  21 gnolls
  4 adders
  2 shadow imps
  3 white imps
  2 ufetubi (D:4)
  2 dart slugs
  37 orcs
  4 ball pythons
  4 endoplasms
  5 giant cockroaches
  14 goblins
  6 hobgoblins
  4 jackals (D:1)
  4 kobolds
  4 quokkas
  10 bats
  4 rats
229 creatures vanquished.

Vanquished Creatures (others)
  427 foxfires
427 creatures vanquished.

Grand Total: 656 creatures vanquished

Notes
Turn   | Place    | Note
-------+----------+-------------------------------------------
     0 | D:1      | Conn the Octopode Fire Elementalist began the quest for the
                  | Orb.
     0 | D:1      | Reached XP level 1. HP: 11/11 MP: 3/3
   145 | D:1      | Reached XP level 2. HP: 17/17 MP: 3/5
   148 | D:1      | Reached skill level 3 in Stealth
   654 | D:1      | Found Leucloida's Antique Weapon Emporium.
   905 | D:1      | Reached XP level 3. HP: 18/21 MP: 6/6
   908 | D:1      | Learned a level 2 spell: Scorch
   912 | D:1      | Learned a level 3 spell: Inner Flame
  1136 | D:2      | Noticed Natasha
  1144 | D:2      | Killed Natasha
  1332 | D:2      | Reached XP level 4. HP: 27/27 MP: 4/7
  1332 | D:2      | Noticed Natasha
  1346 | D:2      | Killed Natasha
  1438 | D:2      | Reached XP level 5. HP: 30/31 MP: 4/9
  1597 | D:2      | Noticed Sigmund
  1598 | D:2      | Noticed Natasha
  1632 | D:2      | Killed Sigmund
  1632 | D:2      | Killed Natasha
  1633 | D:2      | Reached skill level 4 in Stealth
  1633 | D:2      | Reached skill level 1 in Hexes
  1633 | D:2      | Reached XP level 6. HP: 36/36 MP: 1/10
  1875 | D:2      | Found Qunif's Assorted Antiques.
  1898 | D:2      | Bought a steaming golden ring for 105 gold pieces
  1898 | D:2      | Identified the ring "Bemun" {rElec rC+ MP+9 Dex-4} (You
                  | bought it in a shop on level 2 of the Dungeon)
  2261 | D:3      | Reached XP level 7. HP: 20/41 MP: 5/12
  2470 | D:3      | Found Hohuy's General Store.
  2631 | D:3      | Found a shimmering altar of Xom.
  2755 | D:4      | Noticed Robin
  2770 | D:4      | Killed Robin
  3434 | D:4      | Learned a level 4 spell: Flame Wave
  3438 | D:4      | Learned a level 3 spell: Summon Guardian Golem
  3868 | D:4      | Reached skill level 5 in Stealth
  3868 | D:4      | Reached skill level 1 in Summonings
  4107 | D:5      | Entered Level 5 of the Dungeon
  4146 | D:5      | Reached XP level 8. HP: 46/46 MP: 7/14
  4994 | D:5      | Found an opulent altar of Gozag.
  5437 | D:2      | Bought a brightly glowing short sword for 168 gold pieces
  5437 | D:2      | Identified the +2 short sword "Quira" {pain, rCorr Int-5
                  | Dex-5 SInv} (You bought it in a shop on level 2 of the
                  | Dungeon)
  5437 | D:2      | Bought a coppery potion for 18 gold pieces
  5437 | D:2      | Bought a scroll labelled UCWIOSHR LYIL for 21 gold pieces
  5694 | D:6      | Noticed Grinder
  5703 | D:6      | Killed Grinder
  5704 | D:6      | Reached skill level 6 in Stealth
  5704 | D:6      | Reached skill level 5 in Conjurations
  5827 | D:6      | Reached XP level 9. HP: 51/51 MP: 16/16
  5833 | D:6      | Reached skill level 5 in Spellcasting
  5833 | D:6      | Reached skill level 5 in Fire Magic
  6147 | D:6      | Found a sacrificial altar of Ru.
  6151 | D:6      | Found a white marble altar of Elyvilon.
  6155 | D:6      | Found a hazy altar of Hepliaklqana.
  6275 | D:6      | Found a hide-covered altar of Uskayaw.
  6382 | D:6      | Found a sparkling altar of Nemelex Xobeh.
  6383 | D:6      | Found a shimmering blue altar of Sif Muna.
  6384 | D:6      | Found an ornate altar of the Wu Jian Council.
  6390 | D:6      | Became a worshipper of Sif Muna the Loreminder
  6624 | D:7      | Reached skill level 1 in Invocations
  6848 | D:7      | Found an iron altar of Okawaru.
  6864 | D:7      | Found a staircase to the Ecumenical Temple.
  7049 | D:7      | Found a runed translucent gate.
  7049 | D:7      | Found a runed translucent gate.
  7049 | D:7      | Found a runed translucent gate.
  7049 | D:7      | Noticed Pixllover's ghost (novice HOMo)
  7051 | D:7      | Found a basalt altar of Yredelemnul.
  7069 | D:7      | Reached skill level 5 in Dodging
  7539 | D:7      | Reached skill level 5 in Summonings
  7698 | D:7      | Killed Pixllover's ghost
  7699 | D:7      | Reached skill level 7 in Stealth
  7699 | D:7      | Reached XP level 10. HP: 56/56 MP: 9/19
  7825 | Temple   | Entered the Ecumenical Temple
  7866 | D:8      | Noticed Maurice
  7984 | D:8      | Found a stormy altar of Qazlal.
  8107 | D:8      | Reached * piety under Sif Muna
  8114 | D:8      | Noticed Maggie
  8118 | D:8      | Killed Maggie
  8134 | D:8      | Killed Maurice
  9340 | D:8      | Found a snail-covered altar of Cheibriados.
  9441 | D:9      | Noticed a two-headed ogre
  9447 | D:9      | Killed a two-headed ogre
  9448 | D:9      | Reached skill level 8 in Stealth
  9448 | D:9      | Reached skill level 1 in Shields
  9448 | D:9      | Reached skill level 5 in Invocations
  9448 | D:9      | Reached XP level 11. HP: 61/61 MP: 20/21
  9452 | D:9      | Reached ** piety under Sif Muna
  9529 | D:9      | Found a staircase to the Orcish Mines.
  9851 | D:9      | Noticed a deep elf zephyrmancer
  9851 | D:9      | Noticed a deep elf pyromancer
  9857 | D:9      | Killed a deep elf pyromancer
  9860 | D:9      | Killed a deep elf zephyrmancer
  9870 | D:9      | Learned a level 3 spell: Mephitic Cloud
  9876 | D:9      | Learned a level 5 spell: Iskenderun's Battlesphere
 10317 | D:9      | Paralysed by a hornet for 3 turns
 10323 | D:9      | Mangled by a hornet

Illustrated notes

Levels and vault maps discovered:
D:1:      minmay_arrival_cross, layout_basic, serial_shops,
          nicolae_shop_tiny_real_fake_doors
D:2:      layout_loops_cross, serial_shops, nicolae_shop_advertising_works
          [nicolae_subvault_shop_adworks], minmay_tetromino_i4, uniq_natasha,
          uniq_sigmund
D:3:      layout_rooms, mainiacjoe_overflow_six_doors_small, serial_shops,
          nicolae_shop_behind_doors
D:4:      layout_basic, minmay_misc_feat_hallway, minmay_unequal, uniq_robin
D:5:      layout_loops_ring, grunt_gozag_breadcrumbs, hex_large
D:6:      layout_basic, gammafunk_temple_overflow_claw, kennysheep_little_box,
          minmay_overflow_temple_star_quad, uniq_grinder
D:7:      layout_basic, okawaru_trees_1, nicolae_yredelemnul_ghost_church,
          minmay_temple_entry_large_hall, minmay_misc_feat_plants,
          chequers_jeans
D:8:      layout_loops_ring, lemuel_tele_altar, kennysheep_mini_moat,
          uniq_maurice, uniq_maggie
D:9:      layout_long_grid, trog_ov_bears_minmay, david_orc_2,
          kennysheep_cross_bottleneck, hangedman_minor_magic
Temple:   nicolae_temple_colour_theory

Skill      XL: |  1  2  3  4  5  6  7  8  9 10 11 |
---------------+----------------------------------+-----
Stealth        | 3 4 5 6 7 8 |  8.0
Conjurations   | 2 3 4 5 6 7 |  7.8
Dodging        | 3 4 5 6 |  6.2
Spellcasting   | 3 4 6 7 |  7.3
Hexes          | 1 2 3 |  3.0
Fire Magic     | 4 5 6 |  6.3
Summonings     | 1 3 5 6 |  6.0
Invocations    | 3 5 |  5.8
Shields        | 1 2 |  2.9

Action                     |  1- 3 |  4- 6 |  7- 9 | 10-12 || total
---------------------------+-------+-------+-------+-------++-------
  Melee: Short sword       |    26 |    22 |       |     2 ||    50
         Unarmed           |     1 |     7 |       |       ||     8
         Constrict         |     7 |     5 |    13 |     5 ||    30
         Tentacles         |     3 |     3 |    14 |    11 ||    31
         Dagger            |       |       |    45 |    46 ||    91
         Punch             |       |       |     1 |       ||     1
   Cast: Foxfire           |    28 |    31 |   112 |    81 ||   252
         Scorch            |     3 |     3 |    78 |    37 ||   121
         Inner Flame       |       |     3 |    12 |    16 ||    31
         Flame Wave        |       |       |     5 |     9 ||    14
         Summon Guardian G |       |       |     1 |     1 ||     2
  Evoke: Wand              |       |       |       |     2 ||     2
    Use: Potion            |       |     5 |     2 |     5 ||    12
         Scroll            |       |       |    13 |     5 ||    18
   Stab: Sleeping          |     4 |     4 |     8 |     7 ||    23
 Armour: Skin              |    20 |    18 |    51 |    89 ||   178
  Dodge: Dodged            |    25 |    17 |    62 |    69 ||   173

Table legend: (Time is in decaauts)
 A = Elapsed time spent in this place.
 B = Non-inter-level travel time spent in this place.
 C = Inter-level travel time spent in this place.
 D = Time resting spent in this place.
 E = Time spent auto-exploring this place.
 F = Levels seen in this place.
 G = Mean time per level.
                   A        B        C        D        E       F      G
               +--------+--------+--------+--------+--------+-----+--------+
         Total |  10321 |   9950 |    371 |    401 |   6822 |  10 | 1032.1 |
       Dungeon |  10307 |   9936 |    371 |    401 |   6822 |   9 | 1145.2 |
        Temple |     13 |     13 |      0 |      0 |      0 |   1 |   13.0 |
               +--------+--------+--------+--------+--------+-----+--------+

Top non-repeatable levels by time:
     D:7: 1470 daAuts
     D:8: 1455 daAuts
     D:4: 1337 daAuts
     D:1: 1089 daAuts
     D:5: 1088 daAuts
     D:6: 1063 daAuts
     D:2: 1062 daAuts
     D:9: 944 daAuts
     D:3: 794 daAuts
  Temple: 13 daAuts
